 Dungeon Crawl Stone Soup version 0.24.0-123-gd5b16e6ec5 (webtiles) character file.

Game seed: 5012788012429972739, levelgen mode: deterministic

70 Elellon the Chopper (level 4, -3/40 HPs)
             Began as a Hill Orc Fighter on Jan 4, 2020.
             Slain by Sigmund
             ... wielding a +0 scythe
              (4 damage)
             ... on level 3 of the Dungeon.
             The game lasted 00:03:07 (1407 turns).

Elellon the Chopper (Hill Orc Fighter)              Turns: 1407, Time: 00:03:08

Health: -3/40      AC:  6    Str: 19    XL:     4   Next: 22%
Magic:  4/4        EV:  7    Int:  8    God:
Gold:   108        SH:  9    Dex: 10    Spells: 3/3 levels left

rFire    . . .     SeeInvis .   a - +0 war axe
rCold    . . .     Gourm    .   c - +0 shield
rNeg     . . .     Faith    .   b - +0 scale mail
rPois    .         Spirit   .   (no helmet)
rElec    .         Reflect  .   (no cloak)
rCorr    .         Harm     .   (no gloves)
MR       .....                  (no boots)
Stlth    ..........             (no amulet)
HPRegen  0.13/turn              (no ring)
MPRegen  0.09/turn              (no ring)

@: no status effects
A: no striking features
a: no special abilities


You were on level 3 of the Dungeon.
You were not hungry.

You visited 1 branch of the dungeon, and saw 3 of its levels.

You collected 108 gold pieces.

Inventory:

Hand Weapons
 a - a +0 war axe (weapon)
Armour
 b - a +0 scale mail (worn)
 c - a +0 shield (worn)
 k - a +0 plate armour
Jewellery
 m - an uncursed ring of stealth {unknown}
Scrolls
 j - a scroll of enchant weapon {unknown}
 n - a scroll of remove curse {unknown}
 p - a scroll of magic mapping {unknown}
 q - a scroll of teleportation {unknown}
Potions
 d - a potion of might
 e - a potion of magic {unknown}
 g - a potion of haste {unknown}
 h - a potion of mutation {unknown}
 i - 2 potions of flight {unknown}
 l - a potion of curing {unknown}
Comestibles
 f - 3 rations
 o - 3 chunks of flesh


   Skills:
 + Level 3.9 Fighting
 * Level 4.8 Axes
 + Level 3.6 Armour
 + Level 0.1 Dodging
 + Level 0.1 Stealth
 + Level 3.6 Shields


You had 3 spell levels left.
You didn't know any spells.
Your spell library was empty.

Dungeon Overview and Level Annotations

Branches:
Dungeon (2/15)

Altars:
Dithmenos
Ru

Annotations:
D:3 Sigmund


Message History

Sigmund flickers, as though insubstantial.
You're too confused to move!
Sigmund hits you from afar with a +0 scythe!
Sigmund mumbles some strange words.
Sigmund flickers and vanishes!
Deactivating autopickup; reactivate with Ctrl-A.
You bump into the rock wall.
Something hits you.
You feel less confused.
You hear some strange, mumbled words.
Something tries to affect you, but you resist.
Something hits you!
You miss something. You slash something! Something hits you!
* * * LOW HITPOINT WARNING * * *
You hit something. You block something's attack.
You closely miss something. Something hits you!
* * * LOW HITPOINT WARNING * * *
Your shield prevents you from hitting something.
Something hits you.
You die...

#........@
#........
#....... #......#
#......#
#.?@o#####
#.....)oo#
#.....##{#
#?....##@########
#.....##....?....
#.....###########
#.....# #.....#
#.....#


You could see 2 orcs.

Vanquished Creatures
  2 adders (D:2)
  A dart slug (D:1)
  5 leopard geckos
  2 orcs (D:3)
  7 bats
  A giant cockroach (D:2)
  6 goblins
  5 hobgoblins
  6 kobolds
  3 frilled lizards
  4 rats
42 creatures vanquished.

Notes
Turn   | Place    | Note
-------+----------+-------------------------------------------
     0 | D:1      | Elellon the Hill Orc Fighter began the quest for the Orb.
     0 | D:1      | Reached XP level 1. HP: 19/19 MP: 1/1
    54 | D:1      | Reached skill level 3 in Axes
    54 | D:1      | Reached XP level 2. HP: 22/27 MP: 2/2
   674 | D:1      | Reached XP level 3. HP: 33/33 MP: 3/3
  1088 | D:2      | Reached skill level 4 in Axes
  1196 | D:2      | Found a shadowy altar of Dithmenos.
  1280 | D:2      | Reached XP level 4. HP: 37/40 MP: 4/4
  1336 | D:2      | Found a sacrificial altar of Ru.
  1341 | D:2      | You fall into a shaft and drop 1 floor!
  1383 | D:3      | Noticed Sigmund
  1406 | D:3      | HP: 1/40 [something (7)]
  1407 | D:3      | Slain by Sigmund

Levels and vault maps discovered:
D:1:      erik_arrival_cave_to_civilisation [erik_arrival_cave_to_temple],
          layout_loops_ring, serial_bayou_lake_a
D:2:      layout_rooms, grunt_dithmenos_smoke_and_mirrors, minitemple,
          first_ration, lemuel_blue_sif_altar
D:3:      layout_basic, kennysheep_slug_shrine,
          chequers_ecumenical_altar_simple_redux, uniq_jessica, uniq_sigmund,
          uniq_robin

Skill      XL: |  1  2  3 |
---------------+----------+-----
Axes           | 3 4 |  4.8
Fighting       | |  3.9
Armour         | |  3.6
Dodging        | |  0.1
Stealth        | |  0.1
Shields        | |  3.6

Action                   |  1- 3 |  4- 6 || total
-------------------------+-------+-------++-------
Melee: War axe           |   116 |    39 ||   155
  Eat: Chunk             |     1 |     1 ||     2
Armor: Scale mail        |    65 |     8 ||    73
Dodge: Dodged            |    36 |     9 ||    45
Block: Shield            |    62 |    24 ||    86
